 Dungeon Crawl Stone Soup version 0.28-a0-1616-g050a50673c (webtiles) character file.

Game seed: 10799219318927051992

48 dracfodder the Digger (level 3, -4/19 HPs)
             Began as a Gargoyle Earth Elementalist on Jan 23, 2022.
             Slain by a gnoll (7 damage)
             ... on level 2 of the Dungeon.
             The game lasted 00:09:07 (1873 turns).

dracfodder the Digger (Gargoyle Earth Elementalist) Turns: 1873, Time: 00:09:09

Health: -4/19      AC:  5    Str: 11    XL:     3   Next: 72%
Magic:  1/7        EV: 12    Int: 17    God:
Gold:   108        SH:  0    Dex: 10    Spells: 1/7 levels left

rFire   . . .      SeeInvis .   e - +0 whip
rCold   . . .      Faith    .   (no shield)
rNeg    + . .      Spirit   .   b - +0 robe
rPois   ∞          Reflect  .   (no helmet)
rElec   +          Harm     .   (no cloak)
rCorr   .          Rampage  .   (no gloves)
Will    .....                   (no boots)
Stlth   ++........              (no amulet)
HPRegen 0.06/turn               (no ring)
MPRegen 0.10/turn               (no ring)

@: no status effects
A: sickness immunity, AC +3, negative energy resistance 1, electricity
resistance, torment resistance 1, petrification resistance
a: no special abilities


You were on level 2 of the Dungeon.
You visited 1 branch of the dungeon, and saw 3 of its levels.

You collected 108 gold pieces.

Inventory:

Hand Weapons
 e - a +0 whip (weapon)
Missiles
 a - 4 atropa-tipped darts
 c - 3 stones
Armour
 b - a +0 robe (worn)
Scrolls
 d - a scroll of vulnerability {unknown}


   Skills:
 + Level 0.3 Maces & Flails
 + Level 2.0 Dodging
 + Level 2.5 Stealth
 * Level 2.6 Spellcasting
 + Level 0.7 Transmutations
 + Level 4.3 Earth Magic


You had one spell level left.
You knew the following spells:

 Your Spells              Type           Power      Damage    Failure   Level
a - Sandblast             Erth           32%        2d9       3%          1
b - Passwall              Tmut/Erth      8%         N/A       10%         2
c - Stone Arrow           Conj/Erth      18%        3d8       22%         3

Your spell library contained the following spells:

 Spells                   Type           Power      Damage    Failure   Level
 Petrify                  Tmut/Erth      10%        N/A       54%         4
 Lee's Rapid Deconstruct  Erth           8%         3d8*      65%         5
 Fulminant Prism          Conj/Hex       1%         3d6       87%         4
 Iskenderun's Mystic Bla  Conj/Tloc      2%         2d3       87%         4


Dungeon Overview and Level Annotations

Branches:
Dungeon (3/15)

Altars:


Innate Abilities, Weirdness & Mutations

You are immune to sickness and miasma.
Your stone body is resilient. (AC +3)
You are immune to poison.
You resist negative energy. (rN+)
You are resistant to electric shocks. (rElec)
You are resistant to unholy torment.
You are immune to petrification.


Message History

Aiming: Sandblast (safe; 3% risk of failure)
Press: ? - help, Q - select action, (/) - cycle Shift-Dir - straight line, f - gnoll
Aim: a gnoll, wielding a +0 halberd (82% to hit)
The blast of sand hits the gnoll.
The gnoll is heavily wounded.
Aiming: Sandblast (safe; 3% risk of failure)
Press: ? - help, Q - select action, (/) - cycle Shift-Dir - straight line, f/p - gnoll
Aim: a gnoll, wielding a +0 halberd (heavily wounded, 82% to hit)
The blast of sand hits the gnoll!
You kill the gnoll!
The gnoll shouts!
A gnoll comes into view. It is wielding a +0 spear.
The gnoll hits you from afar with a +0 halberd!
Things that are here:
a +0 halberd; a gnoll corpse
Aiming: Sandblast (safe; 3% risk of failure)
Press: ? - help, Q - select action, (/) - cycle Shift-Dir - straight line, f - gnoll
Aim: a gnoll, wielding a +0 halberd (82% to hit)
The blast of sand hits the gnoll but does no damage.
The gnoll barely misses you.
Aiming: Sandblast (safe; 3% risk of failure)
Press: ? - help, Q - select action, (/) - cycle Shift-Dir - straight line, f/p - gnoll
Aim: a gnoll, wielding a +0 halberd (82% to hit)
The blast of sand hits the gnoll!
The gnoll is severely wounded.
The gnoll hits you from afar with a +0 halberd!
Ouch! That really hurt!
* * * LOW HITPOINT WARNING * * *
Aiming: Sandblast (safe; 3% risk of failure)
Press: ? - help, Q - select action, (/) - cycle Shift-Dir - straight line, f/p - gnoll
Aim: a gnoll, wielding a +0 halberd (severely wounded, 82% to hit)
The blast of sand hits the gnoll!
You kill the gnoll!
Aiming: Sandblast (safe; 3% risk of failure)
Press: ? - help, Q - select action, (/) - cycle Shift-Dir - straight line, f - gnoll
Aim: a gnoll, wielding a +0 spear (82% to hit)
The blast of sand hits the gnoll.
The gnoll is moderately wounded.
The gnoll hits you from afar with a +0 spear!
You die...

#.##.##.g......###.#.#
##.##.##...... #.#.#
#............. #.#..
#...#..#...... #.#
#<..#..#...... . #.#
#............. . #.#
#.#.##g#.#### #.####.#
#.#.##.#.# #.#.....
#.....@..# #####.#)##.#
###.###...............#
# .#.[.....†.....#
.#.##.##.##.#### .. #
##. #.#### .# # #.>...
.# ###### .. ## #.


You could see a gnoll.

Vanquished Creatures
  2 gnolls (D:2)
  4 ball pythons (D:1)
  An endoplasm (D:2)
  4 goblins
  A hobgoblin (D:1)
  10 bats
  A frilled lizard (D:2)
  4 kobolds
  3 rats (D:1)
30 creatures vanquished.

Notes
Turn   | Place    | Note
-------+----------+-------------------------------------------
     0 | D:1      | dracfodder the Gargoyle Earth Elementalist began the quest
                  | for the Orb.
     0 | D:1      | Reached XP level 1. HP: 10/10 MP: 3/3
   505 | D:1      | Found a faded altar of an unknown god.
   532 | D:1      | Reached XP level 2. HP: 15/15 MP: 1/5
   535 | D:1      | Learned a level 2 spell: Passwall
   776 | D:1      | Reached skill level 4 in Earth Magic
  1646 | D:2      | Reached XP level 3. HP: 19/19 MP: 3/6
  1652 | D:2      | Learned a level 3 spell: Stone Arrow
  1873 | D:2      | Slain by a gnoll

Illustrated notes

Levels and vault maps discovered:
D:1:      eino_arrival_water_star, layout_basic,
          hellmonk_ecumenical_altar_prayer_group, chequers_big_river,
          kennysheep_another_room, glass_columns_c
D:2:      layout_loops_cross, bh_walls_and_bars
D:3:      layout_rooms, hangedman_decor_lopped, minmay_circle_x,
          uniq_crazy_yiuf_cottage

Skill      XL: |  1  2 |
---------------+-------+-----
Earth Magic    | 4 |  4.3
Dodging        | 2 |  2.0
Maces & Flails | |  0.3
Stealth        | |  2.5
Spellcasting   | |  2.6
Transmutations | |  0.7

Action                   || total
-------------------------++-------
Melee: Club              ||     6
       Whip              ||    24
       Punch             ||     1
Throw: Dart              ||     1
 Cast: Sandblast         ||    32
 Stab: Sleeping          ||     2
Armor: Robe              ||    10
Dodge: Dodged            ||    20

Table legend: (Time is in decaauts)
 A = Elapsed time spent in this place.
 B = Non-inter-level travel time spent in this place.
 C = Inter-level travel time spent in this place.
 D = Time resting spent in this place.
 E = Time spent auto-exploring this place.
 F = Levels seen in this place.
 G = Mean time per level.
                   A        B        C        D        E       F      G
               +--------+--------+--------+--------+--------+-----+--------+
         Total |   1890 |   1866 |     24 |    300 |   1313 |   3 |  630.0 |
       Dungeon |   1890 |   1866 |     24 |    300 |   1313 |   3 |  630.0 |
               +--------+--------+--------+--------+--------+-----+--------+

Top non-repeatable levels by time:
     D:1: 1589 daAuts
     D:2: 299 daAuts
     D:3: 1 daAuts
